 Dungeon Crawl Stone Soup version 0.17-a0-2073-gde5cdba (webtiles) character file.

2513 patman the Archer (level 9, 0/64 HPs)
             Began as a Centaur Arcane Marksman on Oct 14, 2015.
             Was an Initiate of Okawaru.
             Shot with a bolt by an orc warrior (26 damage)
             ... in a bailey.
             The game lasted 00:28:55 (7703 turns).

patman the Archer (Centaur Arcane Marksman)         Turns: 7703, Time: 00:28:55

Health: 0/64       AC:  5    Str: 22    XL:     9   Next: 29%
Magic:  10/10      EV:  9    Int: 12    God:    Okawaru [......]
Gold:   367        SH:  0    Dex: 10    Spells: 1 memorised, 9 levels left

rFire  . . .     SeeInvis .     a - +1 shortbow
rCold  . . .     Clarity  .     G - +0 robe of Lybaur {Regen+ Str+6} (curse)
rNeg   . . .     SustAt   +     (no shield)
rPois  .         Gourm    .     m - +0 helmet
rElec  .         Spirit   .     (no cloak)
rCorr  .         Warding  .     (no gloves)
rMut   .         Stasis   .     (no barding)
MR     .....                    y - amulet of regeneration
Stlth  ++........               H - ring of stealth
                                j - ring of sustain attributes

@: very quick, not resistant to hostile enchantments, unstealthy
A: hooves 3, deformed body, speed 2, tough skin 3
a: Renounce Religion


You were in a bailey.
You worshipped Okawaru.
Okawaru was noncommittal.
You were not hungry.

You visited 2 branches of the dungeon, and saw 10 of its levels.
You also visited: Sewer and Bailey.

You collected 367 gold pieces.

Inventory:

Hand Weapons
 a - a +1 shortbow (weapon)
 b - a +0 lajatang
 l - a +0 quarterstaff
Missiles
 p - 107 arrows (quivered)
 v - a throwing net
Armour
 m - a +0 helmet (worn)
 G - the cursed +0 robe of Lybaur (worn) {Regen+ Str+6}
   (You found it on level 4 of the Dungeon)

   It affects your strength (+6).
   It increases your rate of regeneration.
   It has a curse placed upon it.
 M - a +0 plate armour
Jewellery
 j - a ring of sustain attributes (left hand)
 y - an amulet of regeneration (around neck)
 H - a ring of stealth (right hand)
Wands
 s - a wand of slowing (9)
 A - a wand of disintegration (21)
 P - a wand of flame (16)
Scrolls
 c - a scroll of random uselessness
 g - a scroll of magic mapping
 h - 3 scrolls of remove curse
 k - 7 scrolls of fog
 n - 3 scrolls of enchant weapon
 o - 3 scrolls of teleportation
 q - 2 scrolls of recharging
 r - a scroll of fear {unknown}
 x - a scroll of noise {unknown}
 C - a scroll of enchant armour {unknown}
 E - a scroll of blinking {unknown}
 J - a scroll of amnesia {unknown}
 K - a scroll of immolation
Potions
 f - 2 potions of degeneration
 i - 7 potions of heal wounds
 t - 4 potions of curing
 u - 2 potions of might
 w - 2 potions of magic
 z - a potion of lignification {unknown}
 B - a potion of flight {unknown}
 F - 3 potions of brilliance {unknown}
 O - a potion of resistance {unknown}
Books
 d - a book of Debilitation

   Spells                             Type                      Level
   a - Corona                         Hexes                        1
   b - Slow                           Hexes                        2
   c - Gell's Gravitas                Hexes/Translocation          3
   d - Inner Flame                    Hexes/Fire                   3
   e - Cause Fear                     Hexes                        4
   f - Leda's Liquefaction            Hexes/Earth                  4
 N - a book of Geomancy

   Spells                             Type                      Level
   a - Sandblast                      Earth                        1
   b - Stoneskin                      Transmutation/Earth          2
   c - Passwall                       Transmutation/Earth          3
   d - Stone Arrow                    Conjuration/Earth            3
   e - Petrify                        Transmutation/Earth          4
   f - Lee's Rapid Deconstruction     Earth                        5
Comestibles
 e - a bread ration
 D - a meat ration
 I - 2 chunks of flesh


   Skills:
 - Level 1.0 Fighting
 - Level 7.9 Staves
 - Level 11.0 Bows
 * Level 2.5 Armour
 - Level 1.4 Dodging
 - Level 1.0 Spellcasting
 - Level 2.6 Hexes


You had 9 spell levels left.
You knew the following spells:

 Your Spells              Type           Power        Failure   Level  Hunger
a - Corona                Hex            #......      12%         1    ##.....


Dungeon Overview and Level Annotations

Branches:
Dungeon (9/15)             Temple (1/1) D:7
   Lair: D:8-11         Orc: D:9-12

Altars:
Ashenzari
Cheibriados
Dithmenos
Elyvilon
Fedhas
Gozag
Kikubaaqudgha
Makhleb
Nemelex Xobeh
Okawaru
Qazlal
Ru
Sif Muna
Trog
Xom
Yredelemnul
Zin
The Shining One

Shops:
D:7 (

Annotations:
D:7 exclusion: downstairs
D:8 Erolcha


Innate Abilities, Weirdness & Mutations

You have hooves in place of feet.
Armour fits poorly on your strangely shaped body.
You cover ground very quickly.
You have extremely tough skin (AC +3).


Message History

Press: ? - help, Shift-Dir - straight line, f/p - orc warrior
Aim: an orc warrior, wielding an arbalest and wearing a scale mail (heavily wounded)
You shoot an arrow.
The arrow hits the orc warrior but does no damage.
The orc warrior is heavily wounded.
Firing (i - inventory. (,) - cycle):
p - 109 arrows (quivered)
Press: ? - help, Shift-Dir - straight line, f/p - orc warrior
Aim: an orc warrior, wielding an arbalest and wearing a scale mail (heavily wounded)
You shoot an arrow.
The arrow hits the orc warrior but does no damage.
The orc warrior is heavily wounded.
The orc warrior shoots a bolt.
The bolt hits you!
Firing (i - inventory. (,) - cycle):
p - 108 arrows (quivered)
Press: ? - help, Shift-Dir - straight line, f/p - orc warrior
Aim: an orc warrior, wielding an arbalest and wearing a scale mail (heavily wounded)
You shoot an arrow.
The arrow hits the orc warrior but does no damage.
The orc warrior is heavily wounded.
The orc warrior shoots a bolt.
The bolt hits you!!
You die...

#### ##∩## ####
....##...##....
≈≈≈..#...#..≈≈≈
≈o≈≈.......≈≈o≈
o≈.......≈oo
.......≈ #...#
#@∩.# ##∩## ###


You could see 2 orc warriors and an orc.

Vanquished Creatures
  Sigmund (D:6)
  2 water moccasins
  Duvessa (D:7)
  3 orc warriors
  A black bear (D:9)
  3 sky beasts
  An ogre (D:4)
  4 giant frogs
  Dowan (D:7)
  A centaur zombie (D:5)
  4 crimson imps
  A centaur skeleton (D:5)
  2 giant frog skeletons
  4 orc priests
  A hound (D:7)
  An iguana (D:5)
  3 orc wizards
  A killer bee zombie (D:6)
  3 worker ants
  A worker ant zombie (D:7)
  11 gnolls
  10 adders
  2 river rats
  2 oozes
  2 adder skeletons (D:5)
  6 worms
  4 giant geckos
  26 orcs
  8 giant cockroaches
  6 goblins
  5 hobgoblins
  A quokka (D:2)
  21 ball pythons
  6 bats
  A giant gecko skeleton (D:4)
  12 giant newts
  7 jackals
  A jackal skeleton (D:4)
  9 kobolds
  34 rats
213 creatures vanquished.

Notes
Turn   | Place    | Note
--------------------------------------------------------------
     0 | D:1      | patman the Centaur Arcane Marksman began the quest for the Orb.
     0 | D:1      | Reached XP level 1. HP: 16/16 MP: 2/2
   225 | D:1      | Reached skill level 3 in Bows
   486 | D:1      | Reached XP level 2. HP: 5/23 MP: 3/3
   897 | D:1      | Reached skill level 4 in Bows
  1106 | D:2      | Reached XP level 3. HP: 14/28 MP: 4/4
  1126 | D:2      | Reached skill level 5 in Bows
  1872 | D:2      | Reached XP level 4. HP: 22/35 MP: 5/5
  1878 | D:2      | Reached skill level 6 in Bows
  2672 | D:3      | Reached skill level 7 in Bows
  2672 | D:3      | Reached XP level 5. HP: 32/40 MP: 6/6
  3088 | D:3      | Reached skill level 8 in Bows
  3097 | D:3      | HP: 2/40 [gnoll/spear (3)]
  3107 | D:3      | Reached XP level 6. HP: 3/47 MP: 7/7
  3141 | D:3      | HP: 1/47 [gnoll/enchanted halberd (6)]
  3475 | D:3      | Found a sparkling altar of Nemelex Xobeh.
  3838 | D:4      | Reached skill level 9 in Bows
  4209 | D:4      | Found a glowing drain.
  4258 | Sewer    | Entered a sewer
  4282 | Sewer    | Reached XP level 7. HP: 52/52 MP: 8/8
  4322 | Sewer    | Reached skill level 10 in Bows
  4663 | D:4      | Got a transparent robe
  4674 | D:4      | Identified the cursed +0 robe of Lybaur {Regen+ Str+6} (You found it on level 4 of the Dungeon)
  4750 | D:4      | Reached skill level 11 in Bows
  5047 | D:5      | Entered Level 5 of the Dungeon
  5117 | D:5      | Reached skill level 1 in Staves
  5419 | D:5      | Reached XP level 8. HP: 53/59 MP: 9/9
  5915 | D:5      | Reached skill level 5 in Staves
  6232 | D:6      | Noticed Sigmund
  6243 | D:6      | Killed Sigmund
  6656 | D:7      | Reached XP level 9. HP: 64/64 MP: 10/10
  6663 | D:7      | Found a staircase to the Ecumenical Temple.
  6669 | Temple   | Entered the Ecumenical Temple
  6770 | Temple   | Became a worshipper of Warmaster Okawaru
  7035 | D:7      | Noticed Duvessa
  7044 | D:7      | Killed Duvessa
  7044 | D:7      | Reached skill level 1 in Armour
  7046 | D:7      | Noticed Dowan
  7070 | D:7      | Killed Dowan
  7402 | D:7      | Found Ribaupn's Weapon Boutique.
  7468 | D:8      | Noticed Erolcha
  7638 | D:9      | Found a flagged portal.
  7685 | Bailey   | Entered a bailey
  7685 | Bailey   | Noticed an orc knight
  7703 | Bailey   | Shot with a bolt by an orc warrior

Vault maps used:
D:1:      mrwooster_arrival_statue_3
D:2:      serial_park_tiny_2
D:3:      nemelex_deck
D:4:      portal_sewer_entry_c
D:5:      first_bread
D:6:      kennysheep_generic_room_4, uniq_sigmund
D:7:      minmay_temple_entry_butterflies, serial_shops, shop, uniq_duvessa
D:8:      kennysheep_little_box, uniq_erolcha
D:9:      orc_0_dummy, enter_bailey_2, uniq_grum
Temple:   grunt_circular_temple_18
Sewer:    sewer_minmay_w
Bailey:   bailey_polearm_4, bailey

Action                   |  1- 3 |  4- 6 |  7- 9 || total
-------------------------+-------+-------+-------++-------
Melee: Unarmed           |    15 |       |       ||    15
       Club              |    23 |       |       ||    23
       Quarterstaff      |    32 |   134 |   107 ||   273
       Lajatang          |       |       |   199 ||   199
 Fire: Shortbow          |    97 |   117 |   157 ||   371
Evoke: Wand              |       |       |     1 ||     1
  Use: Scroll            |       |     5 |     8 ||    13
 Stab: Sleeping          |       |       |     2 ||     2
  Eat: Chunk             |     2 |     7 |     8 ||    17
       Bread ration      |       |       |     1 ||     1
